woodfighter, lawful female human Samurai ---- ---- ---- |>.-----)(|----f.| |...--.`..--..@^.| --.`....`.`...--^| |.```.--`..`.||^| |......|...---|^| ---..|.|.--- |^| |.`|...| |^| |..--.-- |^-- --`...| ----..| |..--- |<^^..| ---- ------- woodfighter the Kunoichi Experience level: 7 Strength: 17 Dexterity: 14 Constitution: 18 Intelligence: 11 Wisdom: 8 Charisma: 7 Health: 0(71) Energy: 29(29) Def: 5 Gold: 1156 Moves: 2933 Dungeon seed: -QcgWiszyLiTJ4ga Game ID: woodfighter_1534849835 Your Inventory: Coins $ - 1156 gold pieces Weapons a - a +0 katana (weapon in hand) b - a +2 wakizashi c - a +1 yumi (alternate weapon; not wielded) d - 42 blessed +0 ya (in quiver) G - a +0 long sword Armor q - an uncursed +0 orcish helm r - an uncursed +1 pair of speed boots z - a cursed +0 orcish helm N - a cursed -1 orcish helm T - an uncursed +0 elven shield U - an uncursed +0 elven cloak Y - an uncursed +0 elven mithril-coat (being worn) Comestibles k - an uncursed magic bean l - 3 uncursed tripe rations o - 2 uncursed sprigs of wolfsbane t - 2 uncursed fortune cookies x - 2 uncursed oranges F - 2 uncursed gunyoki H - an uncursed eucalyptus leaf O - 2 uncursed eggs Z - an uncursed lizard corpse Scrolls m - 2 uncursed scrolls of identify n - an uncursed scroll of blank paper s - an uncursed scroll of scare monster v - 2 cursed scrolls of enchant weapon L - an uncursed scroll of water S - 3 uncursed scrolls of enchant weapon Spellbooks E - an uncursed spellbook of light Potions e - a blessed potion of extra healing g - a cursed potion of hallucination h - an uncursed potion of extra healing i - a potion of unholy water j - 2 uncursed potions of hallucination A - 2 uncursed potions of oil C - an uncursed potion of healing R - 2 uncursed potions of restore ability V - an uncursed potion of blindness X - an uncursed potion of confusion Rings D - an uncursed ring of fire resistance Wands f - a wand of probing (0:3) p - a wand of undead turning (0:7) B - a wand of nothing (0:5) Q - a wand of sleep (0:7) Tools y - an uncursed skeleton key P - 3 uncursed tallow candles (0:200) W - an uncursed blindfold Spells and supernatural/magical abilities: Name Level Category Fail Memory W - pray for help -- divine ? -- Your skills at the end: Miscellaneous Skills martial arts [Basic] wands [Basic] Weapon Skills short sword [Basic] long sword [Skilled] bow [Basic] Spellcasting Skills Final Attributes: You were fervently aligned. You were fast. You are dead. Vanquished creatures: a leather golem a spotted jelly a lizard a jaguar a blue jelly a plains centaur 3 Woodland-elves a human zombie 3 Mordor orcs a rock mole 2 rock piercers 2 ponies a violet fungus a guardian naga hatchling a straw golem a puppy 2 homunculi 4 iguanas 8 hill orcs a rothe a jitterbug an orc zombie a dwarf zombie a coyote a gas spore an acid blob 2 geckos 3 hobgoblins 3 giant rats 6 cave spiders a yellow mold a green mold a red mold 2 gnomes 3 garter snakes 2 gnome zombies 4 jackals 2 foxes 10 newts a sewer rat 5 grid bugs 3 lichens 2 kobold zombies 94 creatures vanquished. Voluntary challenges: You did not adorn yourself with jewelry or accessories. You did not cause conflict. You were not invisible. You did not have reflection. You were not displaced. You had been an atheist until turn 2128. You used a wielded weapon 145 times, starting on turn 3. You did not apply a unicorn horn. You did not use plumbed fixtures. You did not drink any magical draughts. You were illiterate. You never genocided any monsters. You never polymorphed an object. You never changed form. You used no wishes. You never split a pudding. You never wrote Elbereth's name. You never violated bushido. Dungeon overview: The Dungeons of Doom: levels 1 to 10 Level 1 a long staircase Level 2 a fountain Level 3 Level 4 a general store, some fountains stairs to The Gnomish Mines Level 5 (eye) a fountain Level 6 Level 7 a fountain, a sink Level 8 Level 9 many fountains Level 10 stairs to Sokoban The Gnomish Mines: Level 5 stairs to The Dungeons of Doom Sokoban: Level 9 <- You were here a magic chest stairs to The Dungeons of Doom History has recorded: On T:1 you entered the Dungeons of Doom to retrieve the Amulet of Yendor! On T:93 you reached level 2 of The Dungeons of Doom. On T:446 you reached level 3 of The Dungeons of Doom. On T:514 you advanced to experience level 2. On T:558 you reached level 4 of The Dungeons of Doom. On T:697 you advanced to experience level 3. On T:728 you reached level 5 of The Dungeons of Doom. On T:870 you reached level 1 of The Gnomish Mines. On T:889 you advanced to experience level 4. On T:1183 you reached level 6 of The Dungeons of Doom. On T:1206 you advanced to experience level 5. On T:1418 you reached level 7 of The Dungeons of Doom. On T:1924 you reached level 8 of The Dungeons of Doom. On T:1933 you advanced to experience level 6. On T:2128 you prayed to Amaterasu Omikami. On T:2248 you reached level 9 of The Dungeons of Doom. On T:2512 you reached level 10 of The Dungeons of Doom. On T:2541 you reached level 4 of Sokoban. On T:2553 you advanced to experience level 7. Score breakdown: Gold: 1156 ( 115 points) Experience: 7 levels ( 600 points) Exploration: 10 levels ( 270 points) Discoveries: 22 items ( 1100 points) Variety of kills: 43 monsters ( 2000 points) Major goal: (nothing yet) ( 0 points) Survival: died (score multiplied by 3) Total score: 12255 Latest messages: The ya hits the spotted jelly. You shoot 1 ya. You kill the spotted jelly! You can't kick something that's in a pit! You are now wielding your wakizashi. c - a +1 yumi (alternate weapon; not wielded). You are now wielding your katana. You finish searching. (3x) Air currents pull you down into a pit! You have a little trouble lifting d - 5 blessed +0 ya (in quiver). The plains centaur punches you! The plains centaur kicks! The plains centaur punches you! The plains centaur kicks! You slash the plains centaur! The plains centaur punches you! The plains centaur kicks! You kill the plains centaur! The lynx claws you! (2x) The lynx bites! You are still in a pit. The lynx claws you! (2x) The lynx bites! You die... Final status: Sayonara woodfighter the Samurai, killed by a lynx... You died in Sokoban on dungeon level 9 with 12255 points, and 1156 pieces of gold, after 2933 moves. You were level 7 with a maximum of 71 hit points when you died.